AoeStats
← tore.perezm

Arabia

508315096Analyzed
1v1 RM · 10d ago on Sep 21, 2026· 17m 36s· 2 players
Game mode
Random Map
Map size
Tiny (2 player)
Population
200
Speed
Normal
Resources
Standard
Victory
Conquest
Starting age
Dark Age
Ending age
Imperial Age
RankedLock teamsTeams togetherTeam positionsShared explorationLock speedFull tech treeHidden civsTurbo modeCheats
Victory
Defeat
🇹🇷 Dravidians · Türkiye
1228
+14
🇦🇷 Franks · Argentina
1194
-14
hsynakan.95
0:37 Loom
10:00 Feudal Age
10:02 Man-at-Arms
11:22 Arson
15:07 Fletching
16:13 Padded Archer Armor
tore.perezm
7:33 Loom
9:45 Feudal Age
10:35 Double-Bit Axe
Connection lost

Rejoining the realm…

Still unreachable

The connection could not be restored.

Session expired

The server has moved on; the page needs a fresh start.